 Dungeon Crawl Stone Soup version 0.31-a0-851-g7ff8af7976 (webtiles) character file.

Game seed: 13570041427010885544

700 Nattfarinn the Changeling (level 7, -2/52 HPs)
             Began as a Formicid Shapeshifter on Oct 5, 2023.
             Slain by a centaur zombie (3 damage)
             ... in an ossuary.
             The game lasted 00:12:37 (4964 turns).

Nattfarinn the Changeling (Formicid Shapeshifter)   Turns: 4964, Time: 00:12:38

Health: -2/52      AC:  3    Str: 20    XL:     7   Next: 98%
Magic:  7/7        EV: 10    Int: 10    God:
Gold:   185        SH:  8    Dex: 13    Spells: 6/6 levels left

rFire   . . .        r - +0 long sword (vamp)
rCold   . . .        p - +0 kite shield
rNeg    . . .        q - +0 leather armour
rPois   .            (helmet unavailable)
rElec   .            (cloak currently unavailable)
rCorr   .            (gloves currently unavailable)
SInv    +            (boots currently unavailable)
Will    .....        (no amulet)
Stlth   +            (no ring)
HPRegen 0.28/turn    (no ring)
MPRegen 0.10/turn

%: no passive effects
@: beast-form, weak-willed
A: beast (slay +3), permanent stasis, dig shafts and tunnels, antennae 3, four
strong arms
a: Dig, Begin Untransformation


You were in an ossuary.
You were a hulking beast.
You visited 1 branch of the dungeon, and saw 7 of its levels.
You also visited: Ossuary.

You collected 185 gold pieces.

Inventory:

Hand Weapons
 k - a +0 mace
 l - a +1 dagger of draining
 o - a +0 sling
 r - a +0 vampiric long sword (weapon)
Armour
 a - a +0 animal skin
 p - a +0 kite shield (worn)
 q - a +0 leather armour (worn)
 s - a +1 pair of boots
Talismans
 c - a beast talisman (active)
 d - a flux talisman
Wands
 i - a wand of digging (6)
Scrolls
 f - 4 scrolls of identify {unknown}
 h - a scroll of blinking
 j - a scroll of acquirement {unknown}
 m - a scroll of teleportation
 n - a scroll of silence {unknown}
Potions
 g - 2 potions of haste


   Skills:
 - Level 3.1 Fighting
 - Level 3.7 Ranged Weapons
 + Level 2.9 Armour
 - Level 1.7 Dodging
 + Level 3.5 Shields
 - Level 3.0 Unarmed Combat
 - Level 6.0 Shapeshifting


You had 6 spell levels left.
You didn't know any spells.
Your spell library was empty.

Dungeon Overview and Level Annotations

Branches:
Dungeon (7/15)             Temple (0/1) D:6         Ossuary (1/1)

Altars:
Okawaru
Qazlal

Annotations:
D:5 Grinder
D:6 1 transporter


Innate Abilities, Weirdness & Mutations

You are a hulking beast.
Your limbs bulge with bestial killing power. (Slay +3)
You cannot be hasted, slowed, berserked, paralysed or teleported.
You can dig through walls and to a lower floor.
You have a pair of large antennae on your head. (SInv)
Your four strong arms can wield two-handed weapons with a shield.


Message History

The hornet zombie hits you! x2
You are too injured to fight recklessly!
You are too injured to fight recklessly!
You are too injured to fight recklessly!
You are too injured to fight recklessly!
You are too injured to fight recklessly!
You are too injured to fight recklessly!
You are too injured to fight recklessly!
You are too injured to fight recklessly!
You are too injured to fight recklessly!
You are too injured to fight recklessly!
You are too injured to fight recklessly!
You are too injured to fight recklessly!
You are too injured to fight recklessly!
You barely miss the hornet zombie.
The hornet zombie is lightly damaged.
You block the hornet zombie's attack. The hornet zombie hits you!
* * * LOW HITPOINT WARNING * * *
Okay, then.
As you read the scroll labelled YSIBLUZOFI, it crumbles to dust.
Your stasis prevents you from teleporting.
It was a scroll of blinking.
You block the hornet zombie's attack.
As you read the scroll labelled EGYOJA RUUC, it crumbles to dust.
You feel a strange sense of stasis.
It was a scroll of teleportation.
The hornet zombie barely misses you.
A centaur zombie comes into view.
You block the hornet zombie's attack.
As you read the scroll labelled LUIR NADIBACU, it crumbles to dust.
Magic quickly surges around you.
It was a scroll of vulnerability.
The hornet zombie closely misses you.
As you read the scroll labelled XENOTE IMEMOVE, it crumbles to dust.
It is a scroll of amnesia.
You feel forgetful for a moment. The hornet zombie barely misses you.
The hornet zombie closely misses you.
There is an empty arch of ancient stone here.
There is a gate leading back out of this place here.
The hornet zombie hits you!
* * * LOW HITPOINT WARNING * * *
The centaur zombie hits you.
You die...

{{ { {{
{ { { {
{ {{{
#####
#..h#
#.ZZ#
{#...#{
##~##
~~~~
#+#+#{#
{ ~. ≈#
#


You could see a hornet zombie (weak-willed) and a centaur zombie (weak-willed).

Vanquished Creatures
  An orc warrior (D:7)
  An ogre (D:4)
  An elf skeleton (D:6)
  A water moccasin zombie (Ossuary)
  2 hounds
  A human zombie (D:6)
  A human skeleton (D:6)
  A sleepcap (D:7)
  An orc wizard (D:3)
  3 mummies (Ossuary)
  5 gnolls
  3 adders
  A white imp (D:7)
  A worm (D:4)
  3 dart slugs
  8 orcs
  6 endoplasms
  7 goblins
  8 hobgoblins
  11 jackals
  5 quokkas
  9 ball pythons
  6 bats
  6 frilled lizards
  7 kobolds
  2 rats (D:1)
101 creatures vanquished.

Notes
Turn   | Place    | Note
-------+----------+-------------------------------------------
     0 | D:1      | Nattfarinn the Formicid Shapeshifter began the quest for
                  | the Orb.
     0 | D:1      | Reached XP level 1. HP: 15/15 MP: 1/1
   147 | D:1      | Reached XP level 2. HP: 21/21 MP: 2/2
   172 | D:1      | Found a faded altar of an unknown god.
   175 | D:1      | Reached skill level 4 in Shapeshifting
   479 | D:1      | Reached XP level 3. HP: 26/26 MP: 3/3
  1235 | D:2      | Reached XP level 4. HP: 32/32 MP: 4/4
  1504 | D:2      | Reached skill level 5 in Shapeshifting
  1756 | D:3      | Found a stormy altar of Qazlal.
  1756 | D:3      | Found an iron altar of Okawaru.
  1860 | D:3      | Reached XP level 5. HP: 12/37 MP: 5/5
  2987 | D:4      | Reached skill level 6 in Shapeshifting
  3323 | D:4      | Noticed an ogre
  3335 | D:4      | Killed an ogre
  3336 | D:4      | Reached XP level 6. HP: 44/44 MP: 6/6
  3796 | D:5      | Entered Level 5 of the Dungeon
  3921 | D:5      | Noticed Grinder
  3934 | D:5      | HP: 2/46 [Grinder/nerve-wracking pain (11)]
  3939 | D:5      | You fall into a shaft and drop 2 floors!
  4105 | D:7      | Noticed an orc warrior
  4208 | D:7      | Killed an orc warrior
  4209 | D:7      | Reached XP level 7. HP: 12/52 MP: 7/7
  4452 | D:7      | Noticed a water moccasin
  4524 | D:6      | Found a transporter.
  4617 | D:6      | Noticed a steam dragon
  4644 | D:6      | Reached skill level 1 in Armour
  4644 | D:6      | Reached skill level 1 in Shields
  4725 | D:6      | Found a staircase to the Ecumenical Temple.
  4856 | D:6      | Found a sand-covered staircase.
  4868 | Ossuary  | Entered an ossuary
  4964 | Ossuary  | HP: 1/52 [hornet zombie (7)]
  4964 | Ossuary  | Slain by a centaur zombie

Illustrated notes

Levels and vault maps discovered:
D:1:      moated_graveyard_arrival, layout_basic,
          hellmonk_ecumenical_altar_zigzags, minmay_hexomino_u4
D:2:      layout_basic, serial_glass, glass_columns_c, glass_columns_a,
          glass_columns_a, glass_columns_a, glass_columns_a, glass_columns_a
D:3:      layout_basic, mainiacjoe_overflow_divided_tiny,
          kennysheep_cluttered_room
D:4:      layout_loops_ring, minmay_strange_pillars
D:5:      layout_gridville, serial_bayou_crossing, uniq_grinder
D:6:      minmay_evil_eye, layout_cave_pools, minmay_temple_entry_mini_moons,
          gammafunk_ghost_gnarly_gnolls, nicolae_ossuary_entry_catacombs,
          minmay_misc_feat_tiny, uniq_eustachio
D:7:      layout_basic
Ossuary:  ossuary_zaba_flooded

Skill      XL: |  1  2  3  4  5  6  7 |
---------------+----------------------+-----
Shapeshifting  | 4 5 6 |  6.0
Fighting       | 2 3 |  3.1
Ranged Weapons | 2 3 |  3.7
Armour         | 2 |  2.9
Shields        | 3 |  3.5
Dodging        | |  1.7
Unarmed Combat | |  3.0

Action                     |  1- 3 |  4- 6 |  7- 9 || total
---------------------------+-------+-------+-------++-------
  Melee: Unarmed           |   100 |    31 |       ||   131
         Punch             |     1 |     1 |       ||     2
         Dagger            |       |   134 |     6 ||   140
         Long sword        |       |       |    82 ||    82
   Fire: Sling             |       |    45 |       ||    45
Ability: Shaft Self        |       |     1 |       ||     1
    Use: Potion            |       |     8 |     1 ||     9
         Scroll            |       |       |     4 ||     4
   Stab: Sleeping          |       |     1 |       ||     1
         Distracted        |       |       |     1 ||     1
 Armour: Animal skin       |    30 |    38 |       ||    68
         Skin              |       |    61 |       ||    61
         Leather armour    |       |    33 |    64 ||    97
  Dodge: Dodged            |    67 |    83 |    27 ||   177
  Block: Kite shield       |       |    18 |    40 ||    58

Table legend: (Time is in decaauts)
 A = Elapsed time spent in this place.
 B = Non-inter-level travel time spent in this place.
 C = Inter-level travel time spent in this place.
 D = Time resting spent in this place.
 E = Time spent auto-exploring this place.
 F = Levels seen in this place.
 G = Mean time per level.
                   A        B        C        D        E       F      G
               +--------+--------+--------+--------+--------+-----+--------+
         Total |   5024 |   4854 |    170 |    638 |   3210 |   8 |  628.0 |
       Dungeon |   4914 |   4744 |    170 |    584 |   3210 |   7 |  702.0 |
       Ossuary |    109 |    109 |      0 |     54 |      0 |   1 |  109.0 |
               +--------+--------+--------+--------+--------+-----+--------+

Top non-repeatable levels by time:
     D:3: 1230 daAuts
     D:1: 1029 daAuts
     D:4: 882 daAuts
     D:2: 661 daAuts
     D:7: 593 daAuts
     D:6: 371 daAuts
     D:5: 146 daAuts
 Ossuary: 109 daAuts
